 Dungeon Crawl Stone Soup version 0.30-a0-241-g1121274140 (webtiles) character file.

Game seed: 16495429875721041265

271846 porpoise the Warrior (level 19, -13/172 HPs)
             Began as a Demonspawn Gladiator on Oct 10, 2022.
             Was a High Priest of Hepliaklqana.
             Killed from afar by a deep elf knight (36 damage)
             ... with a shard of ice
             ... on level 2 of the Elven Halls on Oct 11, 2022.
             The game lasted 04:12:31 (49977 turns).

porpoise the Warrior (Demonspawn Gladiator)        Turns: 49977, Time: 04:12:32

Health: -13/172    AC: 18    Str: 19    XL:     19   Next: 46%
Magic:  0/30       EV: 25    Int: 11    God:    Hepliaklqana [*****.]
Gold:   515        SH:  0    Dex: 21    Spells: 16/32 levels left

rFire   . . .      SeeInvis .    a - +7 demon trident (freeze)
rCold   . . .      Faith    .    (no shield)
rNeg    + . .      Spirit   +    T - +2 swamp dragon scales
rPois   +          Reflect  .    u - +1 hat of Inevitability {Dex+4 Slay+3}
rElec   .          Harm     .    (cloak unavailable)
rCorr   .          Rampage  .    j - +0 pair of gloves
Will    ++++.      Clarity  +    (no boots)
Stlth   +.........               M - amulet of the Four Winds {rN+ Will+++ Clar}
HPRegen 0.48/turn                R - +4 ring of slaying
MPRegen 0.44/turn                v - +4 ring of evasion

@: attractive, studying 2 skills
A: reduced essence, demonic guardian 3, robust 2, magic shield, magic
regeneration, sharp scales 2, weakness stinger 3
}: 2/15 runes: barnacled, gossamer
a: Renounce Religion, Recall Ancestor, Ancestor Identity, Transference, Idealise


You were on level 2 of the Elven Halls.
You worshipped Hepliaklqana.
Hepliaklqana was extremely pleased with you.
You visited 6 branches of the dungeon, and saw 32 of its levels.
You visited 1 bazaar.

You collected 3575 gold pieces.
You spent 3060 gold pieces at shops.

Inventory:

Hand Weapons
 a - a +7 demon trident of freezing (weapon)
 b - the +10 shortbow of Cuimnes {flame, rPois Str-3 Dex+8}
   (You found it on level 2 of the Shoals)

   Any ammunition fired from it burns those it strikes, dealing additional fire
   damage.
   Str:       It affects your strength (-3).
   Dex:       It affects your dexterity (+8).
   rPois:     It protects you from poison.
 w - the +8 trident of the Octopus King {venom, rElec rPois}
   (You found it on level 5 of the Lair of Beasts)

   It poisons the flesh of those it strikes.
   rElec:     It insulates you from electricity.
   rPois:     It protects you from poison.
Missiles
 c - 2 poisoned darts
 e - 8 curare-tipped darts (quivered)
 f - 4 boomerangs of dispersal
 i - 44 boomerangs
Armour
 d - a +0 buckler
 j - a +0 pair of gloves (worn)
 u - the +1 hat of Inevitability (worn) {Dex+4 Slay+3}
   (You found it on level 4 of the Lair of Beasts)

   Dex:       It affects your dexterity (+4).
   Slay:      It affects your accuracy & damage with ranged weapons and melee
   (+3).
 T - +2 swamp dragon scales (worn)
Jewellery
 k - a ring of positive energy
 v - a +4 ring of evasion (right hand)
 C - the ring "Aselowk" {rElec rC- rN+++ Int+6 Dex+4}
   (You found it on level 13 of the Dungeon)

   [ring of intelligence]

   Int:       It affects your intelligence (+6).
   Dex:       It affects your dexterity (+4).
   rC:        It makes you vulnerable to cold.
   rElec:     It insulates you from electricity.
   rN:        It renders you almost immune to negative energy.
 K - the ring "Foawn" {Ice rCorr Dex+7}
   (You found it on level 4 of the Shoals)

   [ring of ice]

   It enhances your ice magic.
   Dex:       It affects your dexterity (+7).
   rF:        It makes you vulnerable to fire.
   rC:        It protects you from cold.
   rCorr:     It protects you from acid and corrosion.
 M - the amulet of the Four Winds (around neck) {rN+ Will+++ Clar}
   (You found it on level 1 of the Spider Nest)

   [amulet of nothing]

   rN:        It protects you from negative energy.
   Clar:      It protects you against confusion.
   Will:      It greatly increases your willpower.
 P - a ring of see invisible
 R - a +4 ring of slaying (left hand)
 V - the ring "Hero's Friend" {rF+++ rN+ Will+ AC+4 Str-3}
   (You bought it in a shop in a bazaar)

   [ring of protection]

   AC:        It affects your AC (+4).
   Str:       It affects your strength (-3).
   rF:        It renders you almost immune to fire.
   rN:        It protects you from negative energy.
   Will:      It increases your willpower.
Wands
 z - a wand of digging (3)
 B - a wand of mindburst (19)
 E - a wand of flame (29)
 G - a wand of acid (5)
 J - a wand of roots (14)
 U - a wand of paralysis (27)
Scrolls
 p - 14 scrolls of teleportation
 y - 2 scrolls of vulnerability
 A - 2 scrolls of blinking
 I - 3 scrolls of silence
 N - 6 scrolls of poison
 Z - 5 scrolls of magic mapping
Potions
 h - 2 potions of heal wounds
 l - 4 potions of attraction
 n - 7 potions of curing
 q - 7 potions of haste
 s - 3 potions of resistance
 t - 4 potions of berserk rage
 x - 8 potions of might
 D - 3 potions of ambrosia
 F - 5 potions of magic
 O - a potion of lignification
 Q - 5 potions of cancellation
 W - 2 potions of invisibility
Miscellaneous
 g - a phantom mirror
 H - a box of beasts
 S - a lightning rod (4/4)
 Y - a tin of tremorstones (2/2)


   Skills:
 + Level 16.0 Fighting
 - Level 14.0 Polearms
 - Level 6.0 Throwing
 - Level 14.0 Armour
 - Level 14.0 Dodging
 + Level 0.5 Shields
 - Level 7.0 Spellcasting
 - Level 15.0 Necromancy
 - Level 7.0 Translocations
 - Level 15.0 Invocations
 + Level 9.0 Evocations


You had 16 spell levels left.
You knew the following spells:

 Your Spells              Type           Power      Damage    Failure   Level
a - Death Channel         Necr           18%        N/A       9%          6
b - Infestation           Necr           18%        N/A       98%         8
k - Blink                 Tloc           38%        N/A       2%          2

Your spell library contained the following spells:

 Spells                   Type           Power      Damage    Failure   Level
 Sublimation of Blood     Necr           36%        N/A       1%          2
 Animate Dead             Necr           36%        N/A       1%          4
 Lesser Beckoning         Tloc           38%        N/A       4%          3
 Momentum Strike          Conj/Tloc      22%        3d8       9%          2
 Manifold Assault         Tloc           19%        N/A       14%         4
 Portal Projectile        Hex/Tloc       22%        N/A       19%         3
 Freeze                   Ice            12%        1d3       26%         1
 Shock                    Conj/Air       12%        1d3       26%         1
 Summon Small Mammal      Summ           12%        N/A       26%         1
 Kindle Blastsparks       Fire/Tloc/Air  16%        2d11      30%         3
 Borgnjor's Vile Clutch   Necr/Erth      10%        N/A       32%         5
 Wereblood                Tmut           3%         N/A       36%         2
 Call Canine Familiar     Summ           3%         N/A       58%         3
 Frozen Ramparts          Ice            6%         1d1       58%         3
 Hailstorm                Conj/Ice       3%         3d3       58%         3
 Ignite Poison            Fire/Tmut/Pois 3%         N/A       58%         3
 Mephitic Cloud           Conj/Pois/Air  3%         N/A       58%         3
 Stone Arrow              Conj/Erth      6%         3d7       58%         3
 Summon Guardian Golem    Hex/Summ       3%         N/A       58%         3
 Swiftness                Air            3%         N/A       58%         3
 Airstrike                Air            1%         2d(1-17)  94%         4
 Animate Armour           Summ/Erth      6%         N/A       94%         4
 Flame Wave               Conj/Fire      3%         2d5       94%         4
 Leda's Liquefaction      Hex/Erth       1%         N/A       94%         4
 Petrify                  Tmut/Erth      3%         N/A       94%         4
 Fireball                 Conj/Fire      1%         3d3       100%        5
 Freezing Cloud           Conj/Ice/Air   1%         6-21      100%        5
 Iskenderun's Battlesphe  Conj           3%         2d6       100%        5
 Lee's Rapid Deconstruct  Erth           1%         3d5*      100%        5
 Metabolic Englaciation   Hex/Ice        1%         N/A       100%        5
 Yara's Violent Unravell  Hex/Tmut       1%         3d3       100%        5
 Conjure Ball Lightning   Conj/Air       1%         3x3d6     100%        6
 Statue Form              Tmut/Erth      2%         N/A       100%        6
 Enfeeble                 Hex            1%         N/A       100%        7
 Haunt                    Necr/Summ      10%        N/A       100%        7
 Orb of Destruction       Conj           1%         9d5       100%        7
 Storm Form               Tmut/Air       1%         N/A       100%        7
 Summon Hydra             Summ           1%         N/A       100%        7
 Lehudib's Crystal Spear  Conj/Erth      1%         10d2      100%        8


Dungeon Overview and Level Annotations

Branches:
Dungeon (15/15)            Temple (0/1) D:6            Lair (5/5) D:11
 Shoals (4/4) Lair:3       Spider (4/4) Lair:2        Slime (0/5) Lair:5
    Orc (2/2) D:11            Elf (2/3) Orc:2        Vaults (0/5) D:14
 Depths (0/4) D:15

Altars:
Ashenzari
Fedhas
Gozag
Hepliaklqana
Makhleb
Okawaru
Qazlal
Ru
Sif Muna
Trog
Vehumet
Wu Jian
Yredelemnul

Shops:
D:3 *(   D:8 :   D:9 :   D:10 *   D:13 *   Orc:2 ?[[   Elf:2 :?   Shoals:2 *:[*

Annotations:
D:3 1 runed translucent door, tatocazan's ghost, amateur DsBe
Elf:1 1 runed translucent door


Innate Abilities, Weirdness & Mutations

Your life essence is reduced to manifest your ancestor. (-10% HP)
A powerful demonic guardian rushes to your aid.
You are very robust. (+20% HP)
When hurt, damage is shared between your health and your magic reserves.
You regenerate magic rapidly.
You are mostly covered in razor-sharp scales. (AC +2, Slay +2)
You have a sharp stinger which inflicts weakening toxins.


Message History

A lance of force appears from out of thin air!
The lance of force hits something!!
Reactivating autopickup.
You feel a bit more experienced.
The +2 halberd of venom is attracted toward you.
The +2 halberd of venom hits you but does no damage.
The +2 halberd of venom completely misses you.
The +2 halberd of venom is attracted toward you.
Something is attracted toward you.
You are too injured to fight recklessly!
You are too injured to fight recklessly!
You closely miss the +2 halberd of venom.
The +2 halberd of venom is heavily damaged.
You closely miss the +2 halberd of venom.
You tail-slap the +2 halberd of venom.
The +2 halberd of venom is heavily damaged.
The +2 halberd of venom hits you.
* * * LOW HITPOINT WARNING * * *
You hit the +2 halberd of venom.
You tail-slap the +2 halberd of venom, but do no damage.
The +2 halberd of venom is severely damaged.
The +2 halberd of venom hits you!
* * * LOW HITPOINT WARNING * * *
A demonic guardian appears!
Blink to where?
Press: ? - help, Dir - move target
As you read the scroll of blinking, it crumbles to dust.
You hear a twanging sound.
An arrow appears from out of thin air!
Deactivating autopickup; reactivate with Ctrl-A.
The arrow hits you!
* * * LOW HITPOINT WARNING * * *
Something is attracted toward you.
The +2 halberd of venom is attracted toward you.
As you read the scroll of summoning, it crumbles to dust.
Wisps of shadow whirl around you...
You hear some strange, mumbled words.
A shard of ice appears from out of thin air!
The shard of ice hits you!!!
You die...

#...)..##......
#....(#§.#.......
#....#§...#.....
#...#......#....
#..#......(.#..
#.#......{...#.
##..........E.#
#.......e.e..# ...
##..........E@###...
#.#..........#e..#...
#..#....e...#.....#..
#...#......#.......#.
#....#....#.........#
#.....#..#...........#
#......##...).........
#......##.............
#.....#..#)..........#


You could see a +2 halberd of venom (ally target), a friendly deep elf knight
(summoned), a friendly deep elf pyromancer (summoned), 2 friendly deep elf
zephyrmancers, a friendly fire elemental (summoned) and a friendly air elemental
(summoned).

Vanquished Creatures
  Mlioglotl (Spider:3)
  A deep elf master archer (Elf:1)
  Kirke (Lair:4)
  2 ghost moths (Spider:4)
  4 emperor scorpions
  Aizul (Shoals:2)
  2 deep elf elementalists
  2 broodmothers (Spider:4)
  A very ugly thing (D:14)
  2 deep elf annihilators (Elf:1)
  A deep elf demonologist (Elf:2)
  A spark wasp (Spider:4)
  An ettin (D:15)
  3 merfolk javelineers
  A fire dragon (D:14)
  An entropy weaver (Lair:2)
  A yaktaur captain (D:14)
  2 hydras
  A catoblepas (D:14)
  3 two-headed ogres
  3 jorogumos
  A death knight (D:14)
  A radroach (Spider:3)
  11 centaur warriors
  A merfolk aquamancer (Shoals:1)
  4 merfolk avatars
  16 dancing weapons
  9 boulder beetles
  2 alligator snapping turtles
  7 death yaks
  5 orc high priests (Orc:2)
  Sonja (D:12)
  A hell knight (D:15)
  9 deep elf knights
  2 skeletal warriors (D:13)
  A deep troll (D:15)
  2 pharaoh ants
  7 steelbarb worms
  7 orb spiders
  A death drake (shapeshifter) (D:13)
  5 sea snakes
  8 deep elf archers
  A lindwurm (Lair:4)
  A necromancer (D:15)
  4 harpies
  2 naga ritualists (D:13)
  12 orc knights
  A wizard (D:15)
  11 deep elf pyromancers
  9 ugly things
  14 deep elf zephyrmancers
  14 wolf spiders
  An orc sorcerer (Orc:1)
  18 manticores
  8 fauns
  7 cyclopes
  4 black mambas
  4 elephants
  A moth of wrath (Lair:2)
  A moth of wrath (shapeshifter) (D:14)
  7 merfolk sirens
  4 water nymphs
  A naga mage (D:13)
  A torpor snail (Spider:1)
  4 cane toads
  14 demonic crawlers
  A gargoyle (D:14)
  A rime drake (Lair:5)
  Maggie (Lair:1)
  2 kobold demonologists (D:10)
  2 efreet
  9 komodo dragons
  A meliai (Lair:2)
  7 trolls
  21 merfolk
  A troll (shapeshifter) (Elf:1)
  3 polar bears
  18 tarantellas
  5 wind drakes
  A queen bee (shapeshifter) (Elf:1)
  8 dream sheep
  A wind drake (shapeshifter) (D:13)
  20 blink frogs
  Grinder (D:3)
  2 hornets
  5 slime creatures
  An air elemental (Elf:1)
  6 snapping turtles
  A culicivora (shapeshifter) (D:14)
  14 jumping spiders
  A jumping spider (shapeshifter) (D:13)
  5 wyverns
  3 wraiths
  4 centaur simulacra
  8 culicivoras
  A vampire (D:11)
  Sigmund (D:5)
  2 shadows
  23 yaks
  9 water elementals
  4 basilisks
  A hog (Lair:4)
  2 steam dragons
  5 vampire mosquitoes
  26 redbacks
  15 water moccasins
  A warg (Orc:1)
  An acid dragon (D:13)
  38 orc warriors
  A black bear (D:3)
  5 ice beasts
  20 wolves
  A boggart (D:14)
  3 sky beasts
  5 ogres
  6 centaurs
  A kobold brigand (D:9)
  9 bullfrogs
  A necrophage (D:7)
  2 earth elementals
  4 scorpions
  8 wights
  13 killer bees
  2 howler monkeys (D:7)
  22 orc priests
  A jelly (D:5)
  6 hounds
  4 iguanas
  Ijyb (D:5)
  17 orc wizards
  5 gnolls
  6 adders
  A shadow imp (D:5)
  2 white imps (D:12)
  3 ufetubi
  3 worms
  A dart slug (D:4)
  79 orcs
  5 bats
  9 endoplasms
  6 giant cockroaches
  6 goblins
  6 hobgoblins
  5 jackals
  8 quokkas
  8 ball pythons
  5 frilled lizards
  11 kobolds
  6 rats
869 creatures vanquished.

Vanquished Creatures (collateral kills)
  Mara (Shoals:3)
  Rupert (Lair:3)
  Roxanne (Shoals:1)
  A deep elf sorcerer (Elf:1)
  A frost giant (D:14)
  3 orc warlords
  An emperor scorpion (Spider:3)
  A ghost moth (Spider:4)
  2 broodmothers (Spider:3)
  3 merfolk javelineers
  Josephine (D:15)
  3 merfolk impalers
  A yaktaur captain (D:14)
  2 hydras
  4 boulder beetles
  7 centaur warriors
  2 satyrs
  6 dancing weapons
  4 merfolk aquamancers
  A two-headed ogre (D:9)
  2 deep troll earth magi (D:14)
  5 death yaks
  A tengu warrior (D:15)
  3 deep elf knights
  A pharaoh ant (Spider:2)
  5 sea snakes
  2 skeletal warriors (D:13)
  A deep troll (D:15)
  4 orb spiders
  3 steelbarb worms
  4 harpies
  8 deep elf pyromancers
  5 orc knights
  9 wolf spiders
  3 deep elf archers (Elf:1)
  6 deep elf zephyrmancers
  5 manticores
  An ugly thing (D:14)
  An orc sorcerer (Orc:2)
  4 fauns
  5 cyclopes
  5 merfolk sirens
  12 elephants
  7 water nymphs
  3 cane toads
  4 torpor snails
  3 gargoyles
  A kobold demonologist (D:9)
  An efreet (D:14)
  2 rime drakes
  6 demonic crawlers
  4 komodo dragons
  A troll (Orc:2)
  11 merfolk
  7 wind drakes
  5 polar bears
  7 tarantellas
  7 snapping turtles
  3 slime creatures
  4 dream sheep (Lair:5)
  22 blink frogs
  A centaur simulacrum (D:13)
  4 culicivoras
  An air elemental (Elf:1)
  12 yaks
  8 jumping spiders
  A wyvern (Lair:5)
  2 water elementals
  A shadow (D:12)
  3 wraiths
  2 basilisks
  13 redbacks
  A steam dragon (Lair:5)
  A warg (Orc:2)
  4 vampire mosquitoes
  3 water moccasins
  23 orc warriors
  An ice beast (D:6)
  A meliai simulacrum (D:15)
  A black bear (Lair:2)
  16 wolves
  A centaur (D:15)
  A kobold brigand (D:10)
  Blork the orc (D:5)
  2 bullfrogs
  An earth elemental (Elf:1)
  2 wights
  3 killer bees
  Crazy Yiuf (D:5)
  10 orc priests
  9 orc wizards
  2 white imps
  24 orcs
  A goblin (D:8)
  3 training dummies (Elf:1)
  4 kobolds
  2 butterflies (Lair:1)
405 creatures vanquished.

Vanquished Creatures (others)
  A centaur warrior (D:14)
  A deep elf knight (Elf:2)
  A deep elf zephyrmancer (Elf:1)
  A black mamba (D:13)
  2 slime creatures (D:14)
  A centaur simulacrum (D:14)
  A human (Lair:4)
  An orc warrior (Orc:2)
  37 battlemagi
  4 ancestors
  41 fungi
  109 plants
  2 starspawn tentacles (Spider:3)
202 creatures vanquished.

Grand Total: 1476 creatures vanquished

Notes
Turn   | Place    | Note
-------+----------+-------------------------------------------
     0 | D:1      | porpoise the Demonspawn Gladiator began the quest for the
                  | Orb.
     0 | D:1      | Reached XP level 1. HP: 16/16 MP: 1/1
   321 | D:1      | Gained mutation: A weak demonic guardian rushes to your
                  | aid. [demonic ancestry]
   321 | D:1      | Reached XP level 2. HP: 20/22 MP: 2/2
   663 | D:1      | Gained mutation: A demonic guardian rushes to your aid.
                  | [demonic ancestry]
   663 | D:1      | Reached XP level 3. HP: 27/28 MP: 3/3
  1099 | D:2      | Gained mutation: You are partially covered in razor-sharp
                  | scales. (AC +1, Slay +1) [demonic ancestry]
  1099 | D:2      | Reached XP level 4. HP: 34/34 MP: 4/4
  1423 | D:2      | Reached skill level 3 in Fighting
  1486 | D:2      | Found a faded altar of an unknown god.
  1848 | D:3      | Found Laim Aghigech's Assorted Antiques.
  1854 | D:3      | Found an iron altar of Okawaru.
  1909 | D:3      | Bought a scroll labelled TUTURI HERITTU for 25 gold pieces
  1909 | D:3      | Bought a scroll labelled YBAMYS MUSAISE for 25 gold pieces
  1909 | D:3      | Bought a scroll labelled IXENEE UCVETEYL for 25 gold pieces
  1909 | D:3      | Bought a scroll labelled QIFFEI RIMNOE for 25 gold pieces
  1918 | D:3      | Found Wotainin's Weapon Shoppe.
  2080 | D:3      | Noticed a black bear
  2092 | D:3      | Killed a black bear
  2093 | D:3      | Reached skill level 5 in Polearms
  2093 | D:3      | Gained mutation: You are mostly covered in razor-sharp
                  | scales. (AC +2, Slay +2) [demonic ancestry]
  2093 | D:3      | Reached XP level 5. HP: 30/42 MP: 3/5
  2179 | D:3      | Found a stormy altar of Qazlal.
  2284 | D:3      | Found a burning altar of Makhleb.
  2284 | D:3      | Noticed a green death
  2305 | D:3      | Found a runed translucent door.
  2308 | D:3      | Noticed tatocazan's ghost (amateur DsBe)
  2340 | D:3      | Noticed Grinder
  2342 | D:3      | Paralysed by Grinder for 3 turns
  2355 | D:3      | Paralysed by Grinder for 4 turns
  2360 | D:3      | Killed Grinder
  2361 | D:3      | Reached skill level 4 in Fighting
  2361 | D:3      | Gained mutation: You have a small tail. [demonic ancestry]
  2361 | D:3      | Reached XP level 6. HP: 32/48 MP: 3/6
  3235 | D:4      | Reached XP level 7. HP: 50/55 MP: 7/7
  3534 | D:5      | Entered Level 5 of the Dungeon
  3562 | D:5      | Noticed Blork the orc
  3572 | D:5      | Killed Blork the orc
  3678 | D:5      | Found an opulent altar of Gozag.
  3679 | D:5      | Found a hazy altar of Hepliaklqana.
  3694 | D:5      | Reached skill level 5 in Fighting
  3709 | D:5      | Found a radiant altar of Vehumet.
  3744 | D:5      | Became a worshipper of Hepliaklqana the Forgotten
  3856 | D:5      | Noticed Ijyb
  3868 | D:5      | Killed Ijyb
  4049 | D:5      | Identified the +2 hammer "Ukki" {vamp, rC+ MP+9}
  4055 | D:5      | Found a runed translucent door.
  4056 | D:5      | Noticed Crazy Yiuf
  4064 | D:5      | Killed Crazy Yiuf
  4258 | D:5      | Noticed Sigmund
  4268 | D:5      | Killed Sigmund
  4269 | D:5      | Gained mutation: You have a tail ending in a sharp stinger.
                  | [demonic ancestry]
  4269 | D:5      | Reached XP level 8. HP: 60/64 MP: 8/8
  4890 | D:6      | Found a staircase to the Ecumenical Temple.
  4905 | D:6      | Reached skill level 6 in Fighting
  5061 | D:6      | You fall into a shaft and drop 3 floors!
  5074 | D:9      | Reached * piety under Hepliaklqana
  5337 | D:7      | Reached skill level 7 in Fighting
  5337 | D:7      | Gained mutation: A powerful demonic guardian rushes to your
                  | aid. [demonic ancestry]
  5337 | D:7      | Reached XP level 9. HP: 43/64 MP: 7/9
  5435 | D:7      | Reached skill level 1 in Invocations
  5438 | D:7      | Reached skill level 1 in Armour
  5495 | D:7      | Found an ornate altar of the Wu Jian Council.
  5827 | D:7      | Found a basalt altar of Yredelemnul.
  5994 | D:7      | Found a sacrificial altar of Ru.
  6610 | D:7      | Reached skill level 10 in Polearms
  6892 | D:6      | Reached skill level 5 in Invocations
  7214 | D:8      | Found Zaxukaaq's Book Emporium.
  7482 | D:8      | Reached XP level 10. HP: 49/71 MP: 9/14
  7620 | D:8      | Reached ** piety under Hepliaklqana
  7621 | D:8      | Remembered your ancestor Bekki as a battlemage
  7744 | D:8      | Found a bloodstained altar of Trog.
  8428 | D:9      | Noticed a two-headed ogre
  8436 | D:9      | Killed a two-headed ogre
  8439 | D:9      | Reached skill level 5 in Armour
  8677 | D:9      | Found Vipeixt's Book Boutique.
  9095 | D:10     | Entered Level 10 of the Dungeon
  9100 | D:10     | Reached skill level 1 in Evocations
  9260 | D:10     | Identified a scroll of acquirement
  9260 | D:10     | Acquired a +4 ring of evasion
  9288 | D:10     | Found a broken altar of Ashenzari.
  9306 | D:10     | Found Geamemn's Assorted Antiques.
  9316 | D:10     | Bought an amethyst potion for 23 gold pieces
  9465 | D:10     | Reached *** piety under Hepliaklqana
  9667 | D:10     | Gained mutation: You regenerate magic rapidly. [demonic
                  | ancestry]
  9667 | D:10     | Reached XP level 11. HP: 56/75 MP: 12/17
  9851 | D:10     | Noticed a two-headed ogre
  9863 | D:10     | Killed a two-headed ogre
  9923 | D:11     | Found a staircase to the Lair.
 10187 | D:11     | Found a staircase to the Orcish Mines.
 10194 | D:11     | Reached skill level 5 in Dodging
 10435 | D:11     | Identified the +11 dagger of the Vulture {elec, Stlth+}
 10448 | D:11     | Noticed a two-headed ogre
 10455 | D:11     | Killed a two-headed ogre
 10753 | Lair:1   | Entered Level 1 of the Lair of Beasts
 10763 | Lair:1   | Reached skill level 5 in Evocations
 10879 | Lair:1   | Reached skill level 8 in Fighting
 11091 | Lair:1   | Reached **** piety under Hepliaklqana
 11196 | Lair:1   | Noticed Maggie
 11206 | Lair:1   | Killed Maggie
 11255 | Lair:1   | Noticed a boulder beetle
 11273 | Lair:1   | Killed a boulder beetle
 12141 | Lair:2   | Reached XP level 12. HP: 83/84 MP: 18/18
 12177 | Lair:2   | Noticed a death yak
 12177 | Lair:2   | Noticed a death yak
 12177 | Lair:2   | Noticed a death yak
 12177 | Lair:2   | Noticed a death yak
 12177 | Lair:2   | Noticed a death yak
 12178 | Lair:2   | Noticed a death yak
 12183 | Lair:2   | Killed a death yak
 12183 | Lair:2   | Killed a death yak
 12184 | Lair:2   | Killed a death yak
 12195 | Lair:2   | Killed a death yak
 12196 | Lair:2   | Reached skill level 9 in Fighting
 12206 | Lair:2   | Killed a death yak
 12211 | Lair:2   | Killed a death yak
 12759 | Lair:2   | Found a hole to the Spider Nest.
 12970 | Lair:2   | Reached skill level 10 in Fighting
 13777 | Lair:3   | Reached XP level 13. HP: 93/93 MP: 19/19
 13860 | Lair:3   | Noticed Rupert
 13869 | Lair:3   | Killed Rupert
 14115 | Lair:3   | Reached ***** piety under Hepliaklqana
 14294 | Lair:3   | Found a staircase to the Shoals.
 14396 | Lair:4   | Reached skill level 11 in Fighting
 14698 | Lair:4   | Identified the ring of Past Mistakes {Ice Drain Will+++
                  | Str-2 Dex+5}
 14842 | Lair:4   | Reached skill level 10 in Invocations
 15155 | Lair:4   | Identified the +1 hat of Inevitability {Dex+4 Slay+3}
 15271 | Lair:4   | Noticed Kirke
 15277 | Lair:4   | Killed Kirke
 15702 | Lair:5   | Entered Level 5 of the Lair of Beasts
 16157 | Lair:4   | Reached skill level 12 in Fighting
 16900 | Lair:4   | Gained mutation: You have a sharp stinger which inflicts
                  | weakening toxins. [demonic ancestry]
 16900 | Lair:4   | Reached XP level 14. HP: 42/103 MP: 9/22
 19095 | Lair:5   | Found a staircase to the Slime Pits.
 19256 | Lair:5   | Found the +8 trident of the Octopus King {venom, rElec
                  | rPois}
 19274 | Lair:5   | Identified the +7 dagger "Murmur" {drain, Str+4 Dex+4}
 19521 | Lair:1   | Learned a level 6 spell: Death Channel
 19950 | D:12     | Noticed Sonja
 19965 | D:12     | Killed Sonja
 19966 | D:12     | Reached skill level 13 in Fighting
 20656 | D:13     | Found Novoad Gepp's Serpentskin Sales.
 20772 | D:13     | Bought 4 curare-tipped darts for 36 gold pieces
 20772 | D:13     | Bought 3 curare-tipped darts for 27 gold pieces
 21324 | D:13     | Reached XP level 15. HP: 75/111 MP: 18/24
 21475 | D:13     | Identified the amulet of Atze {Spirit Harm rElec rCorr}
 21478 | D:13     | Identified the ring "Aselowk" {rElec rC- rN+++ Int+6 Dex+4}
 21528 | D:13     | Identified the amulet "Uffas" {Faith Str+2}
 21531 | D:13     | Identified the amulet "Utan" {Faith rElec rF+}
 21951 | D:14     | Identified the amulet of Kibumexiaf {Faith +Inv rPois
                  | Str-4}
 22100 | D:14     | Reached skill level 14 in Fighting
 22124 | D:14     | Reached skill level 1 in Spellcasting
 22735 | D:14     | Found a blossoming altar of Fedhas.
 23327 | D:14     | Noticed a frost giant
 23336 | D:14     | Killed a frost giant
 23751 | D:14     | Reached skill level 10 in Armour
 23754 | D:14     | Reached skill level 10 in Dodging
 24005 | D:14     | Found a gate to the Vaults.
 24427 | D:15     | Entered Level 15 of the Dungeon
 24662 | D:15     | Noticed Josephine
 24670 | D:15     | Killed Josephine
 24824 | D:15     | Reached ****** piety under Hepliaklqana
 25144 | D:15     | Reached skill level 5 in Spellcasting
 25144 | D:15     | Gained mutation: When hurt, damage is shared between your
                  | health and your magic reserves. [demonic ancestry]
 25144 | D:15     | Reached XP level 16. HP: 75/117 MP: 26/26
 25223 | D:15     | Reached skill level 1 in Necromancy
 25697 | D:15     | Found a staircase to the Depths.
 25799 | Orc:1    | Entered Level 1 of the Orcish Mines
 26390 | Orc:2    | Entered Level 2 of the Orcish Mines
 27227 | Orc:2    | Found a staircase to the Elven Halls.
 27418 | Orc:2    | Found a shimmering blue altar of Sif Muna.
 27644 | Orc:2    | Reached skill level 5 in Necromancy
 27961 | Orc:2    | Found Jyorudghu's Antique Armour Shoppe.
 27964 | Orc:2    | Found Deely's Magic Scroll Shoppe.
 27965 | Orc:2    | Found Purel's Distillery.
 27966 | Orc:2    | Found Cofit's Antique Armour Emporium.
 27970 | Orc:2    | Bought 2 scrolls of blinking for 240 gold pieces
 27970 | Orc:2    | Bought a scroll of identify for 32 gold pieces
 27976 | Orc:2    | Bought a heavily runed leather armour for 217 gold pieces
 27976 | Orc:2    | Identified the +0 leather armour of the Desert {rF+ Str+6}
                  | (You bought it in a shop on level 2 of the Orcish Mines)
 27979 | Orc:2    | Bought a potion of mutation for 104 gold pieces
 27979 | Orc:2    | Bought a potion of curing for 39 gold pieces
 27979 | Orc:2    | Bought a potion of haste for 130 gold pieces
 27979 | Orc:2    | Bought 2 potions of curing for 78 gold pieces
 27979 | Orc:2    | Bought a potion of curing for 39 gold pieces
 27981 | Orc:2    | Bought a scroll of silence for 152 gold pieces
 27981 | Orc:2    | Bought a scroll of magic mapping for 120 gold pieces
 27981 | Orc:2    | Bought a scroll of enchant armour for 120 gold pieces
 28293 | Lair:1   | Upgraded the game from 0.30-a0-223-gcb0039aa0c to
                  | 0.30-a0-241-g1121274140
 28348 | Spider:1 | Entered Level 1 of the Spider Nest
 29819 | Spider:1 | Found the amulet of the Four Winds {rN+ Will+++ Clar}
 29881 | Spider:1 | Identified the +3 leather armour of Cibeodipp {Str+2
                  | Slay+3}
 30006 | Spider:1 | Acquired a manual of Necromancy
 30489 | Spider:2 | Gained mutation: You are robust. (+10% HP) [demonic
                  | ancestry]
 30489 | Spider:2 | Reached XP level 17. HP: 97/139 MP: 27/27
 32082 | Spider:3 | Noticed Mlioglotl
 32094 | Spider:3 | Killed Mlioglotl
 32985 | Spider:4 | Entered Level 4 of the Spider Nest
 32988 | Spider:4 | Reached skill level 10 in Necromancy
 33267 | Spider:4 | Reached skill level 15 in Invocations
 35230 | Spider:4 | Reached skill level 15 in Fighting
 36454 | Spider:4 | Got a gossamer rune of Zot
 36865 | Orc:2    | Bought a potion of attraction for 39 gold pieces
 36867 | Orc:2    | Bought a potion of flight for 39 gold pieces
 37109 | Shoals:1 | Entered Level 1 of the Shoals
 37238 | Shoals:1 | Identified the +10 short sword "Coffiaf" {flame, rElec rF-
                  | Will+ Dex+3}
 37749 | Shoals:1 | Reached skill level 5 in Throwing
 38143 | Shoals:1 | Noticed Roxanne
 38700 | Shoals:1 | Killed Roxanne
 38815 | Shoals:1 | Learned a level 8 spell: Infestation
 39058 | Shoals:2 | Found Nuqeili's Assorted Antiques.
 39075 | Shoals:2 | Found a gateway to a bazaar.
 39094 | Bazaar   | Entered a bazaar
 39108 | Bazaar   | Found Dupuqycse's Book Emporium.
 39133 | Bazaar   | Found Nerphack's Jewellery Emporium.
 39133 | Bazaar   | Found Pottop's Antique Weapon Shoppe.
 39158 | Bazaar   | Found Jijyrgh's Book Emporium.
 39158 | Bazaar   | Found Sounn's Antique Weapon Shoppe.
 39189 | Bazaar   | Found Qihewe's Assorted Antiques.
 39258 | Bazaar   | Bought the ring "Hero's Friend" {rF+++ rN+ Will+ AC+4
                  | Str-3} for 652 gold pieces
 39284 | Bazaar   | Bought a scroll of blinking for 180 gold pieces
 39284 | Bazaar   | Bought a silver ring for 120 gold pieces
 39284 | Bazaar   | Bought a wand of mindburst (4) for 134 gold pieces
 39284 | Bazaar   | Bought a wand of paralysis (2) for 115 gold pieces
 39754 | Shoals:2 | Found Kug Voutti's Book Boutique.
 39778 | Shoals:2 | Found Adue's Armour Shop.
 39782 | Shoals:2 | Identified the +10 shortbow of Cuimnes {flame, rPois Str-3
                  | Dex+8}
 39792 | Shoals:2 | Found Siweofatue's General Store.
 39799 | Shoals:2 | Noticed Aizul
 39806 | Shoals:2 | Killed Aizul
 39817 | Shoals:2 | Bought a scroll of vulnerability for 56 gold pieces
 40027 | Shoals:2 | Gained mutation: You are very robust. (+20% HP) [demonic
                  | ancestry]
 40027 | Shoals:2 | Reached XP level 18. HP: 142/165 MP: 29/29
 40651 | Shoals:3 | Reached skill level 16 in Fighting
 41204 | Shoals:3 | Noticed Mara
 41217 | Shoals:3 | Noticed porpoise's illusion
 41217 | Shoals:3 | Killed Mara
 41384 | Shoals:3 | Reached skill level 15 in Necromancy
 41831 | Shoals:4 | Entered Level 4 of the Shoals
 41947 | Shoals:4 | Identified the ring "Foawn" {Ice rCorr Dex+7}
 43203 | Shoals:4 | Got a barnacled rune of Zot
 44055 | Shoals:4 | Identified the +2 halberd of Bedazzling Terror {venom,
                  | *Noise Will+ Int+3}
 44578 | Shoals:4 | Found the +3 giant club "Skullcrusher" {speed, Str+7}
 45296 | Elf:1    | Entered Level 1 of the Elven Halls
 45296 | Elf:1    | Found a runed translucent gate.
 45296 | Elf:1    | Found a runed translucent gate.
 45296 | Elf:1    | Found a runed translucent gate.
 45296 | Elf:1    | Found a runed translucent gate.
 45296 | Elf:1    | Found a runed translucent gate.
 45296 | Elf:1    | Found a runed translucent gate.
 45297 | Elf:1    | Found a runed translucent door.
 45321 | Elf:1    | Found a runed translucent door.
 46031 | Orc:2    | Learned a level 2 spell: Blink
 46206 | Orc:2    | Reached skill level 1 in Translocations
 46995 | Elf:1    | Reached XP level 19. HP: 172/172 MP: 30/30
 47671 | Elf:1    | Paralysed by an air elemental for 1 turns
 48328 | Elf:2    | Reached skill level 5 in Translocations
 48484 | Elf:2    | Got the Book of Coarse Battle Magic
 49288 | Elf:2    | Found a runed translucent gate.
 49288 | Elf:2    | Found a runed translucent gate.
 49288 | Elf:2    | Found a runed translucent gate.
 49378 | Elf:2    | Found Xuditwovewa's Magic Scroll Shop.
 49388 | Elf:2    | Bought a scroll of summoning for 104 gold pieces
 49388 | Elf:2    | Bought a scroll of blinking for 82 gold pieces
 49388 | Elf:2    | Bought a scroll of enchant weapon for 82 gold pieces
 49392 | Elf:2    | Found Ofiusatz's Book Shop.
 49977 | Elf:2    | Killed from afar by a deep elf knight

Illustrated notes

Levels and vault maps discovered:
D:1:      kennysheep_arrival_forest, layout_basic
D:2:      layout_basic, dreamdust_ecumenical_altar_grove
D:3:      layout_loops_ring, lemuel_tele_altar, makhleb_altar_promises_db,
          lemuel_crystal_altar, serial_shops, shop_fountains,
          nicolae_shop_statue_plus, ebering_ghost_reflecting_pool, uniq_grinder
D:4:      layout_basic, minmay_puff
D:5:      layout_basic, nicolae_overflow_quartered_altars, uniq_ijyb,
          uniq_sigmund, uniq_blork_the_orc, uniq_crazy_yiuf_cottage
D:6:      layout_rooms, minmay_temple_entry_ruins, minmay_misc_feat_tower
D:7:      minmay_s_stair_smasher, layout_basic, nzn_wu_jian_council_hall,
          nicolae_ru_great_annihilating_truth, lemuel_round_altar,
          grunt_ministairs_8, kennysheep_generic_room_11
D:8:      layout_basic, bloody_trog, serial_shops, shop, serial_glass,
          glass_columns_a, glass_columns_b, chequers_ossuary_entry_cave,
          enter_bailey_3
D:9:      layout_loops_ring, serial_shops, shop_coins
D:10:     layout_cave_pods, mainiacjoe_overflow_concentric_impassable,
          serial_shops, nicolae_shop_temple_entry_statues_fountains
D:11:     layout_loops_cross, minmay_lair_entry_grove, orc_0_dummy
D:12:     layout_roguey, serial_ice, serial_ice_e, serial_ice_g, serial_ice_i,
          serial_ice_a, uniq_sonja
D:13:     minmay_the_grid_triangle_9x9_recursive_2_mashed
          [minmay_the_grid_triangle_9x9_prize_special,
          minmay_the_grid_triangle_9x9_zippers_horizontal,
          minmay_the_grid_triangle_9x9_corrupted_corridor,
          minmay_the_grid_triangle_9x9_windchime], layout_basic, minivault_27,
          guppyfry_shop_venom
D:14:     nzn_winding_woodlands_large [nzn_winding_woodlands_5x5_cross,
          nzn_winding_woodlands_5x15_pool, nzn_winding_woodlands_5x5_three,
          nzn_winding_woodlands_center_pierced_h,
          nzn_winding_woodlands_15x15_thick_spiral,
          nzn_winding_woodlands_center_garden,
          nzn_winding_woodlands_5x5_default, nzn_winding_woodlands_5x15_jagged,
          nzn_winding_woodlands_5x5_closed_star], layout_loops_ring,
          erik_vaults_1, fedhas_altar_1
D:15:     hangedman_depths_entry_civil_slaughter, layout_rooms, uniq_josephine
Lair:1:   layout_loops_ring, st_stairs_7, chequers_serial_rivers_large_b,
          lemuel_fruit_fields, uniq_maggie
Lair:2:   layout_loops_ring, hellmonk_spider_entry_not_the_bees
Lair:3:   layout_roguey, minmay_shoals_entry_lonely_mermaid, grunt_megastairs_3,
          uniq_rupert
Lair:4:   layout_cellular_growth, uniq_kirke
Lair:5:   gammafunk_lair_ancient_temple, layout_cave_shapes,
          minmay_slime_entry_oklob_enclosed
Shoals:1: layout_shoals, uniq_roxanne
Shoals:2: layout_shoals, serial_shops, bzr_entry_gold, shop, shop, shop,
          nicolae_shop_crystal, uniq_aizul
Shoals:3: layout_shoals, uniq_mara
Shoals:4: shoals_end_simple, layout_shoals
Spider:1: layout_spider_delve
Spider:2: layout_spider_delve, worms_lemuel
Spider:3: layout_cave_pods, uniq_mlioglotl
Spider:4: guppyfry_spider_rune
Orc:1:    layout_diamond_mine, rock_pile
Orc:2:    st_orc_pillars, layout_caves, kennysheep_orc_sif_temple
Elf:1:    nicolae_elf_arrival_dilemma, layout_loops_cross, special_room
          [special_room_orc], evilmike_minifort, corner_web_ring,
          nicolae_elf_archery_training
Elf:2:    nicolae_elf_blades_splatter_lattice
          [nicolae_blade_entry_hurt_lockers], layout_geoelf_diagonals,
          minmay_shop_star

Skill      XL: |  1  2  3  4  5  6  7  8  9 10 11 12 13 14 15 16 17 18 19 |
---------------+----------------------------------------------------------+-----
Polearms       | 3 4 5 6 7 9 10 11 12 13 14 | 14.0
Fighting       | 3 4 5 7 8 10 12 13 14 15 16 | 16.0
Invocations    | 6 9 11 13 14 15 | 15.0
Armour         | 4 5 6 7 9 10 12 13 14 | 14.0
Dodging        | 3 5 6 7 9 10 12 13 14 | 14.0
Evocations     | 2 5 7 8 9 |  9.0
Spellcasting   | 5 7 |  7.0
Necromancy     | 8 13 15 | 15.0
Throwing       | 5 6 |  6.0
Translocations | 3 7 |  7.0
Shields        | |  0.5

Action                   |  1- 3 |  4- 6 |  7- 9 | 10-12 | 13-15 | 16-18 | 19-21 || total
-------------------------+-------+-------+-------+-------+-------+-------+-------++-------
Melee: Trident           |    94 |   165 |   308 |   431 |   873 |  1329 |   117 ||  3317
       Punch             |       |     2 |     3 |     8 |    10 |    14 |     1 ||    38
       Tailslap          |       |     5 |    47 |    69 |   168 |   211 |    19 ||   519
       Demon trident     |       |       |       |       |       |     4 |    54 ||    58
 Fire: Sling             |       |     7 |       |     2 |    26 |       |       ||    35
       Shortbow          |       |       |       |       |       |   112 |     3 ||   115
Throw: Throwing net      |       |     3 |     3 |       |       |       |       ||     6
       Dart              |       |       |     3 |       |       |    34 |       ||    37
       Boomerang         |       |       |       |       |       |    21 |       ||    21
 Cast: Death Channel     |       |       |       |       |       |     1 |       ||     1
Invok: Ancestor Identity |       |       |     1 |       |       |       |       ||     1
       Recall Ancestor   |       |       |     1 |       |     3 |     4 |       ||     8
       Ancestor Life: Ba |       |       |       |     1 |       |       |       ||     1
       Transference      |       |       |       |       |     1 |       |       ||     1
       Idealise          |       |       |       |       |       |     3 |       ||     3
Evoke: Wand              |       |       |     2 |     2 |     9 |    13 |     1 ||    27
       Lightning rod     |       |       |       |     4 |     6 |     6 |       ||    16
       Tin of tremorston |       |       |       |     2 |     3 |     8 |       ||    13
       Box of beasts     |       |       |       |       |     1 |       |       ||     1
  Use: Scroll            |     1 |       |    12 |    10 |    11 |    21 |     4 ||    59
       Potion            |       |       |       |     2 |     2 |    10 |     4 ||    18
 Stab: Held in net/web   |       |       |     3 |       |       |       |       ||     3
       Distracted        |       |       |     1 |     6 |    28 |    25 |     4 ||    64
       Invisible         |       |       |     1 |       |       |       |       ||     1
       Paralysed         |       |       |     1 |       |       |       |       ||     1
Armor: Ring mail         |    26 |    54 |   107 |    59 |       |       |       ||   246
       Swamp dragon scal |       |       |       |    55 |   239 |   385 |    30 ||   709
Dodge: Dodged            |    42 |    52 |   170 |   275 |   702 |  1357 |    94 ||  2692
Block: Buckler           |       |       |       |       |       |       |     4 ||     4

Table legend: (Time is in decaauts)
 A = Elapsed time spent in this place.
 B = Non-inter-level travel time spent in this place.
 C = Inter-level travel time spent in this place.
 D = Time resting spent in this place.
 E = Time spent auto-exploring this place.
 F = Levels seen in this place.
 G = Mean time per level.
                   A        B        C        D        E       F      G
               +--------+--------+--------+--------+--------+-----+--------+
         Total |  49440 |  45846 |   3594 |  19371 |  16116 |  33 | 1498.2 |
       Dungeon |  16733 |  15968 |    765 |   4876 |   8350 |  15 | 1115.5 |
          Lair |  11249 |   9897 |   1352 |   4558 |   2932 |   5 | 2249.8 |
        Shoals |   7502 |   6920 |    582 |   3756 |   2026 |   4 | 1875.5 |
   Spider Nest |   6656 |   6252 |    404 |   2792 |   1136 |   4 | 1664.0 |
  Orcish Mines |   3643 |   3228 |    415 |   1682 |    640 |   2 | 1821.5 |
   Elven Halls |   3445 |   3371 |     74 |   1706 |   1017 |   2 | 1722.5 |
        Bazaar |    208 |    208 |      0 |      0 |     13 |   1 |  208.0 |
               +--------+--------+--------+--------+--------+-----+--------+

Top non-repeatable levels by time:
  Lair:4: 3051 daAuts
  Lair:2: 2967 daAuts
Spider:4: 2893 daAuts
   Orc:2: 2829 daAuts
    D:14: 2723 daAuts
Shoals:4: 2583 daAuts
  Lair:1: 2301 daAuts
Shoals:1: 1972 daAuts
Spider:3: 1942 daAuts
   Elf:1: 1809 daAuts
     D:7: 1790 daAuts
Shoals:3: 1761 daAuts
  Lair:3: 1724 daAuts
   Elf:2: 1636 daAuts
    D:13: 1264 daAuts
